 Dungeon Crawl Stone Soup version 0.30-a0-989-g0d87f670db (webtiles) character file.

Game seed: 12377221782219690408

106 mopl the Slasher (level 4, 0/35 HPs)
             Began as a Merfolk Fighter on Apr 3, 2023.
             Was an Initiate of Yredelemnul.
             Slain by a gnoll
             ... wielding a +0 flail
             ... led by a gnoll bouda
              (3 damage)
             ... on level 5 of the Dungeon.
             The game lasted 00:03:15 (2602 turns).

mopl the Slasher (Merfolk Fighter)                  Turns: 2602, Time: 00:03:15

Health: 0/35       AC:  6    Str: 18    XL:     4   Next: 84%
Magic:  5/5        EV:  7    Int:  7    God:    Yredelemnul [......]
Gold:   197        SH:  8    Dex: 13    Spells: 3/3 levels left

rFire   . . .      SeeInvis .    a - +0 long sword
rCold   . . .      Faith    .    n - +0 kite shield
rNeg    . . .      Spirit   .    b - +0 scale mail
rPois   .          Reflect  .    (no helmet)
rElec   .          Rampage  .    (no cloak)
rCorr   .                        (no gloves)
Will    .....                    (no boots) Stlth
                                 (no amulet)
HPRegen 0.25/turn                (no ring)
MPRegen 0.09/turn                (no ring)

@: weakened
A: (nimble swimmer 2), mertail
a: Renounce Religion, Recall Undead Harvest


You were on level 5 of the Dungeon.
You worshipped Yredelemnul.
Yredelemnul was noncommittal.
You visited 1 branch of the dungeon, and saw 5 of its levels.

You collected 197 gold pieces.

Inventory:

Hand Weapons
 a - a +0 long sword (weapon)
Missiles
 q - 8 boomerangs (quivered)
Armour
 b - a +0 scale mail (worn)
 c - a +0 buckler
 n - a +0 kite shield (worn)
Jewellery
 m - a ring of fire
 w - a ring of wizardry
Scrolls
 e - 4 scrolls of identify {unknown}
 f - 4 scrolls of magic mapping {unknown}
 g - 2 scrolls of brand weapon {unknown}
 h - a scroll of enchant armour {unknown}
 i - a scroll of noise {unknown}
 r - 3 scrolls of amnesia {unknown}
 s - 2 scrolls of vulnerability {unknown}
 t - a scroll of teleportation {unknown}
 u - a scroll of immolation {unknown}
 v - a scroll of silence {unknown}
Potions
 d - a potion of might
 j - 5 potions of curing {unknown}
 k - a potion of attraction {unknown}
 l - 2 potions of mutation {unknown}
 o - a potion of flight {unknown}
 p - 2 potions of degeneration {unknown}


   Skills:
 - Level 3.2 Fighting
 * Level 5.3 Long Blades
 - Level 2.1 Armour
 - Level 3.0 Shields
 + Level 2.0 Invocations


You had 3 spell levels left.
You didn't know any spells.
Your spell library contained the following spells:

 Spells                   Type           Power      Damage    Failure   Level
 Cigotuvi's Dreadful Rot  Necr/Pois/Air  0%         N/A       100%        2
 Lesser Beckoning         Tloc           0%         N/A       100%        2
 Poisonous Vapours        Pois/Air       0%         N/A       100%        2
 Gell's Gravitas          Tloc           0%         N/A       100%        3
 Mephitic Cloud           Conj/Pois/Air  0%         N/A       100%        3
 Teleport Other           Tloc           0%         N/A       100%        3


Dungeon Overview and Level Annotations

Branches:
Dungeon (5/15)
 Temple: D:4-7

Altars:
Elyvilon
Fedhas
Kikubaaqudgha
Qazlal
Yredelemnul

Annotations:
D:1 dig


Innate Abilities, Weirdness & Mutations

((You are very nimble when in or above water. (Stealth+, EV+, Speed+++)))
Your lower body shifts to a powerful aquatic tail in water.


Message History

The gnoll attacks as you move away! You block the gnoll's attack. x2
The gnoll bouda gazes fiercely through you!
You feel your attacks grow feeble. The gnoll attacks as you move away!
You block the gnoll's attack. The gnoll hits you but does no damage.
You completely miss the gnoll.
Your attacks no longer feel as feeble.
The gnoll is no longer moving quickly. x2; The gnoll barely misses you.
You hit the gnoll.
The gnoll is moderately wounded.
The gnoll is no longer moving quickly.
You block the gnoll's attack.
The gnoll bouda gazes fiercely through you!
You feel your attacks grow feeble. The gnoll hits you with a +0 flail.
You completely miss the gnoll.
The gnoll is moderately wounded.
The gnoll hits you with a +0 flail.
* * * LOW HITPOINT WARNING * * *
The gnoll bouda gazes fiercely through you!
You feel as though you will be weak longer.
You hit the gnoll.
The gnoll is moderately wounded.
You block the gnoll's attack.
You barely miss the gnoll.
The gnoll is moderately wounded.
The gnoll completely misses you. The gnoll hits you with a +0 flail!
* * * LOW HITPOINT WARNING * * *
You completely miss the gnoll.
The gnoll is moderately wounded.
The gnoll barely misses you.
You closely miss the gnoll.
The gnoll is moderately wounded.
The gnoll barely misses you.
You hit the gnoll.
The gnoll is severely wounded.
You block the gnoll's attack.
The gnoll bouda calls upon its god to heal the gnoll.
The gnoll is healed somewhat.
The gnoll hits you with a +0 flail.
You die...
Your body rises from the dead as a mindless zombie.

?.........g.g...
###.##.###.####
#......# ###g.#.#
###..##.# ###gg.## #
###...### .#
#####...#######.#
........ggg@....#
..##....g###.#.##
.........###.#.####.
.####....##.........
#######......##.
##########......#
(...............#
......#.#########
..... #.#


You could see a gnoll bouda and 3 gnolls.

Vanquished Creatures
  4 adders
  An ufetubus (D:4)
  7 orcs (D:4)
  5 ball pythons
  3 bats (D:2)
  5 endoplasms
  A giant cockroach (D:2)
  3 goblins (D:1)
  8 hobgoblins
  4 quokkas
  8 frilled lizards (D:1)
  6 rats
55 creatures vanquished.

Vanquished Creatures (collateral kills)
  An endoplasm (D:2)
  A ball python (D:2)
  A bat (D:2)
  A rat (D:1)
4 creatures vanquished.

Vanquished Creatures (others)
  2 bat zombies (D:2)
  A ball python zombie (D:2)
3 creatures vanquished.

Grand Total: 62 creatures vanquished

Notes
Turn   | Place    | Note
-------+----------+-------------------------------------------
     0 | D:1      | mopl the Merfolk Fighter began the quest for the Orb.
     0 | D:1      | Reached XP level 1. HP: 18/18 MP: 1/1
    23 | D:1      | Noticed a bullfrog
   154 | D:1      | Reached skill level 3 in Long Blades
   205 | D:1      | Reached XP level 2. HP: 22/24 MP: 2/2
   390 | D:1      | Found a faded altar of an unknown god.
   507 | D:1      | Prayed at the altar of an unknown god.
   507 | D:1      | Became a worshipper of Yredelemnul the Dark
   507 | D:1      | Reached * piety under Yredelemnul
   598 | D:2      | Reached skill level 4 in Long Blades
   606 | D:2      | Reached XP level 3. HP: 29/29 MP: 3/3
   658 | D:2      | Reached skill level 1 in Invocations
   864 | D:2      | Reached XP level 4. HP: 32/35 MP: 4/4
   941 | D:2      | Reached ** piety under Yredelemnul
  1272 | D:3      | Found a white marble altar of Elyvilon.
  1675 | D:4      | Reached skill level 5 in Long Blades
  1863 | D:4      | Found a blossoming altar of Fedhas.
  1986 | D:4      | Reached skill level 2 in Invocations
  2473 | D:5      | Entered Level 5 of the Dungeon
  2526 | D:5      | Found an ancient bone altar of Kikubaaqudgha.
  2526 | D:5      | Found a stormy altar of Qazlal.
  2602 | D:5      | Slain by a gnoll

Illustrated notes

Levels and vault maps discovered:
D:1:      evilmike_arrival_come_back, layout_loops_cross,
          hellmonk_ecumenical_altar_crossroads, minmay_lizard_pond
D:2:      layout_rooms, supply_closet_lemuel, minmay_tree_intersection,
          kennysheep_big_empty_room, chequers_serial_rivers_room_b, st_stairs_10
D:3:      layout_rooms, elyvilon_altar_5, chequers_mini_garden
D:4:      layout_loops_corners, fedhas_altar_2, roderic_lattice_a
D:5:      layout_basic, gammafunk_temple_overflow_elements

Skill      XL: |  1  2  3  4 |
---------------+-------------+-----
Long Blades    | 3 4 5 |  5.3
Invocations    | 1 2 |  2.0
Fighting       | |  3.2
Armour         | |  2.1
Shields        | |  3.0

Action                     |  1- 3 |  4- 6 || total
---------------------------+-------+-------++-------
  Melee: Long sword        |   121 |    62 ||   183
   Stab: Distracted        |     1 |       ||     1
 Armour: Scale mail        |    73 |    33 ||   106
  Dodge: Dodged            |    66 |    28 ||    94
  Block: Buckler           |    30 |       ||    30
         Kite shield       |       |    40 ||    40

Table legend: (Time is in decaauts)
 A = Elapsed time spent in this place.
 B = Non-inter-level travel time spent in this place.
 C = Inter-level travel time spent in this place.
 D = Time resting spent in this place.
 E = Time spent auto-exploring this place.
 F = Levels seen in this place.
 G = Mean time per level.
                   A        B        C        D        E       F      G
               +--------+--------+--------+--------+--------+-----+--------+
         Total |   2648 |   2511 |    137 |      0 |   2038 |   5 |  529.6 |
       Dungeon |   2648 |   2511 |    137 |      0 |   2038 |   5 |  529.6 |
               +--------+--------+--------+--------+--------+-----+--------+

Top non-repeatable levels by time:
     D:4: 920 daAuts
     D:1: 596 daAuts
     D:2: 579 daAuts
     D:3: 420 daAuts
     D:5: 131 daAuts
